 Dungeon Crawl Stone Soup version 0.29.1-2-gbd0b4ee654 (webtiles) character file.

Game seed: 17179114107077583657

9676 kingsuperguy the Basher (level 11, 0/142 HPs)
             Began as a Minotaur Berserker on Nov 16, 2022.
             Was an Elder of Trog.
             Succumbed to a black mamba's poison
             ... on level 1 of the Lair of Beasts.
             The game lasted 00:31:31 (11505 turns).

kingsuperguy the Basher (Minotaur Berserker)       Turns: 11505, Time: 00:31:32

Health: 0/142      AC: 22    Str: 24    XL:     11   Next: 26%
Magic:  10/10      EV:  8    Int:  4    God:    Trog [****..]
Gold:   515        SH: 10    Dex: 12    Spells: 10/10 levels left

rFire   . . .      SeeInvis .   t - +4 flail (drain)
rCold   . . .      Faith    .   d - +0 buckler
rNeg    . . .      Spirit   .   O - +0 plate armour
rPois   .          Reflect  +   (helmet restricted)
rElec   .          Harm     .   I - +2 cloak
rCorr   .          Rampage  .   o - +1 pair of gloves
Will    .....                   a - +0 pair of boots
Stlth   ..........              B - amulet of reflection
HPRegen 0.33/turn               (no ring)
MPRegen 0.12/turn               (no ring)

@: berserking (expiring), lethally poisoned (0 -> -23), very quick
A: horns 2, retaliatory headbutt
a: Renounce Religion, Berserk, Trog's Hand, Brothers in Arms


You were on level 1 of the Lair of Beasts.
You worshipped Trog.
Trog was greatly pleased with you.
You visited 2 branches of the dungeon, and saw 11 of its levels.

You collected 515 gold pieces.

Inventory:

Hand Weapons
 c - a +0 dire flail
 g - a +2 dagger of draining
 m - a +0 war axe of distortion
 s - a +4 falchion of flaming
 t - a +4 flail of draining (weapon)
 z - a +2 whip of flaming
 Q - a +2 flail of holy wrath
Missiles
 q - 46 stones
 r - 9 boomerangs
 U - 6 silver boomerangs (quivered)
 X - 25 poisoned darts
Armour
 a - a +0 pair of boots (worn)
 d - a +0 buckler (worn)
 l - a +0 troll leather armour
 o - a +1 pair of gloves (worn)
 p - +0 steam dragon scales
 A - a +2 robe of positive energy
 D - a +0 chain mail
 I - a +2 cloak (worn)
 N - +0 acid dragon scales
 O - a +0 plate armour (worn)
Jewellery
 B - an amulet of reflection (around neck)
Wands
 b - a wand of light (9)
Scrolls
 f - 6 scrolls of teleportation
 h - 3 scrolls of fear
 k - a scroll of enchant armour {unknown}
 u - 3 scrolls of amnesia
 v - a scroll of fog {unknown}
 x - 4 scrolls of torment {unknown}
 y - a scroll of blinking {unknown}
 C - a scroll of identify
 E - a scroll of vulnerability {unknown}
 F - 5 scrolls of immolation
 L - a scroll of silence {unknown}
 T - 2 scrolls of noise {unknown}
 V - 2 scrolls of enchant weapon {unknown}
 Z - a scroll of poison {unknown}
Potions
 e - 2 potions of attraction {unknown}
 i - 6 potions of curing
 j - a potion of berserk rage {unknown}
 n - a potion of ambrosia {unknown}
 w - 2 potions of might {unknown}
 G - a potion of lignification {unknown}
 J - a potion of flight {unknown}
 K - a potion of degeneration {unknown}
 M - 3 potions of mutation {unknown}
 P - 4 potions of heal wounds
 R - a potion of haste {unknown}
 S - 2 potions of brilliance {unknown}
 Y - a potion of invisibility {unknown}
Miscellaneous
 H - a lightning rod (1/4)


   Skills:
 + Level 8.7 Fighting
 - Level 1.4(2.9) Short Blades
 - Level 4.3(4.5) Long Blades
 - Level 1.2(9.6) Axes
 * Level 14.7 Maces & Flails
 + Level 0.1 Throwing
 * Level 10.5 Armour
 + Level 4.4 Dodging
 - Level 1.3 Stealth
 * Level 4.7 Shields
 + Level 0.4 Evocations


You had 10 spell levels left.
You didn't know any spells.
Your spell library was empty.

Dungeon Overview and Level Annotations

Branches:
Dungeon (9/15)             Temple (0/1) D:6            Lair (2/5) D:9
  Swamp: Lair:2-3    Shoals: Lair:2-3     Snake: Lair:2-3    Spider: Lair:2-3
    Orc: D:9-12

Altars:
Kikubaaqudgha
Makhleb
Okawaru
Qazlal
Uskayaw
Vehumet
Wu Jian
Yredelemnul

Shops:
D:7 :

Annotations:
Lair:1 Urug
Lair:2 Gastronok


Innate Abilities, Weirdness & Mutations

You have a pair of horns on your head.
You reflexively headbutt those who attack you in melee.


Message History

The black mamba is almost dead.
* * * LOW HITPOINT WARNING * * *
You feel very sick. The black mamba bites you!
* * * LOW HITPOINT WARNING * * *
The black mamba bites you but does no damage.
* * * LOW HITPOINT WARNING * * *
You feel extremely sick.
You thump the black mamba! You headbutt the black mamba.
The black mamba is heavily wounded.
* * * LOW HITPOINT WARNING * * *
You feel very sick. You block the black mamba's attack.
You are too berserk!
You are too berserk!
You bludgeon the black mamba!!
You kill the black mamba!
Trog accepts your kill.
* * * LOW HITPOINT WARNING * * *
You feel very sick.
You bludgeon the black mamba!!
You kill the black mamba!
Trog accepts your kill.
* * * LOW HITPOINT WARNING * * *
You feel very sick. The yak gores you!
* * * LOW HITPOINT WARNING * * *
The yak barely misses you.
You are too berserk!
You are too berserk!
You are too berserk!
You are too berserk!
Okay, then.
* * * LOW HITPOINT WARNING * * *
You feel very sick.
You are too berserk!
You are too berserk!
You are too berserk!
You feel a strong urge to attack something.
You die...

#.........
..#.....# .#
#..8.8.##... #
#.......#..# +.
#..h>.......
...#..YYY..#..#
#.....8.8..#..#
##..#........#
#.....@.....#
##.#.....#.##
#...#...#..#
###.......#.#
#......## ..
#.#..#.# #
.....###
##...##


You could see 3 yaks and a black bear.

Vanquished Creatures
  2 hydras
  Pikel (D:4)
  2 black mambas (Lair:1)
  A cane toad (Lair:2)
  A komodo dragon (Lair:2)
  A troll (D:9)
  2 hornets (D:9)
  5 blink frogs (Lair:2)
  2 dream sheep (D:9)
  A basilisk (Lair:2)
  A wyvern (D:5)
  6 yaks (Lair:2)
  A steam dragon (D:8)
  Edmund (D:5)
  4 water moccasins
  2 acid dragons
  2 orc warriors
  2 ice beasts (D:5)
  2 black bears
  3 centaurs
  An ogre (D:7)
  A phantom (D:4)
  4 kobold brigands
  8 bullfrogs
  3 scorpions
  4 killer bees (D:9)
  2 howler monkeys (D:9)
  2 jellies
  3 gnoll boudas
  Crazy Yiuf (D:3)
  An orc priest (D:5)
  5 hounds
  3 iguanas
  4 orc wizards
  10 gnolls
  7 adders
  2 shadow imps (D:7)
  2 ufetubi
  3 worms
  3 dart slugs
  24 orcs
  3 ball pythons
  7 endoplasms
  A giant cockroach (D:3)
  7 goblins
  4 hobgoblins
  7 jackals (D:3)
  5 quokkas
  6 bats
  4 frilled lizards
  8 kobolds
  5 rats
  A bush (D:3)
193 creatures vanquished.

Vanquished Creatures (others)
  A gnoll (D:8)
  A fungus (Lair:2)
  11 plants
  A withered plant (D:2)
14 creatures vanquished.

Grand Total: 207 creatures vanquished

Notes
Turn   | Place    | Note
-------+----------+-------------------------------------------
     0 | D:1      | kingsuperguy the Minotaur Berserker began the quest for the
                  | Orb.
     0 | D:1      | Reached XP level 1. HP: 19/19 MP: 0/0
   409 | D:1      | Reached XP level 2. HP: 23/27 MP: 1/1
  1311 | D:2      | Reached XP level 3. HP: 31/33 MP: 2/2
  1339 | D:2      | Found a faded altar of an unknown god.
  1528 | D:2      | Reached ** piety under Trog
  2280 | D:3      | Reached skill level 1 in Short Blades
  2283 | D:3      | Reached XP level 4. HP: 38/41 MP: 3/3
  2649 | D:3      | You fall into a shaft and drop 2 floors!
  2649 | D:5      | Entered Level 5 of the Dungeon
  2693 | D:5      | Reached skill level 1 in Axes
  2727 | D:5      | Noticed an acid dragon
  2733 | D:5      | Reached XP level 5. HP: 29/47 MP: 4/4
  3233 | D:6      | Reached skill level 1 in Maces & Flails
  3329 | D:5      | Reached skill level 2 in Maces & Flails
  3332 | D:5      | Reached skill level 5 in Fighting
  3341 | D:5      | Noticed a wyvern
  3342 | D:5      | Reached skill level 1 in Stealth
  3438 | D:5      | Found a hide-covered altar of Uskayaw.
  3448 | D:5      | Killed a wyvern
  3449 | D:5      | Reached skill level 4 in Maces & Flails
  3449 | D:5      | Reached XP level 6. HP: 56/56 MP: 5/5
  3517 | D:5      | Noticed an ice beast
  3524 | D:5      | Killed an ice beast
  3731 | D:5      | Killed an acid dragon
  3732 | D:5      | Reached skill level 5 in Maces & Flails
  3732 | D:5      | Reached XP level 7. HP: 61/61 MP: 6/6
  3805 | D:4      | Noticed Pikel
  3830 | D:4      | Killed Pikel
  3831 | D:4      | Reached skill level 7 in Maces & Flails
  3831 | D:4      | Reached XP level 8. HP: 41/70 MP: 7/7
  4058 | D:4      | Reached skill level 8 in Maces & Flails
  4514 | D:3      | Found a runed translucent door.
  4515 | D:3      | Noticed Crazy Yiuf
  4915 | D:3      | Killed Crazy Yiuf
  5272 | D:4      | Reached *** piety under Trog
  5508 | D:4      | Found a basalt altar of Yredelemnul.
  5509 | D:4      | Found a burning altar of Makhleb.
  5520 | D:4      | Found an iron altar of Okawaru.
  5526 | D:4      | Found an ancient bone altar of Kikubaaqudgha.
  5528 | D:4      | Found a stormy altar of Qazlal.
  5531 | D:4      | Found an ornate altar of the Wu Jian Council.
  5755 | D:5      | Reached skill level 9 in Maces & Flails
  6012 | D:5      | Noticed Edmund
  6019 | D:5      | Killed Edmund
  6020 | D:5      | Reached skill level 5 in Armour
  6397 | D:6      | Reached skill level 10 in Maces & Flails
  6547 | D:6      | Found a staircase to the Ecumenical Temple.
  6893 | D:7      | Reached XP level 9. HP: 78/78 MP: 8/8
  7056 | D:7      | Found Siuxoth's Tremendous Tomes.
  7355 | D:7      | Reached skill level 1 in Shields
  7799 | D:8      | Reached skill level 11 in Maces & Flails
  8100 | D:8      | Reached **** piety under Trog
  8541 | D:9      | Paralysed by a hornet for 3 turns
  8879 | D:9      | Reached skill level 12 in Maces & Flails
  8921 | D:9      | Found a staircase to the Lair.
  9011 | D:9      | Paralysed by a hornet for 1 turns
  9015 | D:9      | Reached XP level 10. HP: 86/86 MP: 9/9
  9725 | D:9      | Found a radiant altar of Vehumet.
 10119 | D:9      | Noticed a three-headed hydra
 10124 | D:9      | Killed a three-headed hydra
 10125 | D:9      | Reached skill level 13 in Maces & Flails
 10400 | Lair:1   | Entered Level 1 of the Lair of Beasts
 10402 | Lair:1   | Noticed a catoblepas
 10408 | Lair:1   | Noticed Urug
 10583 | Lair:2   | Noticed a six-headed hydra
 10588 | Lair:2   | Killed a six-headed hydra
 10734 | Lair:2   | Reached skill level 14 in Maces & Flails
 10754 | Lair:2   | Reached skill level 10 in Armour
 10760 | Lair:2   | Reached XP level 11. HP: 56/95 MP: 10/10
 11429 | Lair:2   | Noticed Gastronok
 11503 | Lair:1   | HP: 7/142 [yak (8)]
 11504 | Lair:1   | HP: 3/142 [poisoned by a black mamba]
 11505 | Lair:1   | Succumbed to a black mamba's poison

Illustrated notes

Levels and vault maps discovered:
D:1:      sevenhm_arrival_forest_fort_small_4, layout_basic
D:2:      layout_loops_ring, ebering_ecumenical_altar_petrified,
          chequers_big_river
D:3:      layout_basic, serial_co_window_serial, co_window_corner_a,
          co_window_paths_a, co_window_paths_a, co_window_corner_a,
          co_window_paths_a, co_window_paths_a, co_window_paths_b,
          co_window_corner_a, co_window_paths_a, co_window_2corner,
          co_window_broadway_c, co_window_paths_c, co_window_corner_ca,
          glass_columns_a, glass_columns_c, glass_columns_a, minmay_hedge_maze,
          uniq_crazy_yiuf_cottage
D:4:      layout_basic, grunt_temple_overflow_open,
          amcnicky_mini_corridor_feature, uniq_pikel
D:5:      layout_loops_corners, general_overflow_altar, uniq_edmund
D:6:      layout_loops_cross, minmay_temple_entry_sparse_star
D:7:      layout_basic, nicolae_shop_i_like_big_books, kennysheep_generic_room_5
D:8:      layout_cave_pools
D:9:      layout_stronghold, nicolae_vehumet_altar_sigil, lair_entry_dummy,
          grunt_decor_cap, minmay_statues_item, hangedman_ranch
Lair:1:   layout_chaotic_city, portal_ice_cave_rime, lemuel_fruit_tree,
          grunt_megastairs_2, uniq_urug, uniq_maggie
Lair:2:   layout_cave_pods, grunt_megastairs_4, uniq_gastronok

Skill      XL: |  1  2  3  4  5  6  7  8  9 10 11 |
---------------+----------------------------------+-----
Fighting       | 4 5 6 7 8 |  8.7
Long Blades    | 4 |  4.3
Armour         | 3 4 5 8 10 | 10.5
Short Blades   | 1 |  1.4
Axes           | 1 |  1.2
Maces & Flails | 4 5 7 10 12 14 | 14.7
Dodging        | 3 4 |  4.4
Stealth        | 1 |  1.3
Shields        | 2 3 4 |  4.7
Throwing       | |  0.1
Evocations     | |  0.4

Action                   |  1- 3 |  4- 6 |  7- 9 | 10-12 || total
-------------------------+-------+-------+-------+-------++-------
Melee: Dagger            |    55 |       |       |       ||    55
       Headbutt          |     5 |     4 |    41 |    28 ||    78
       War axe           |     9 |     8 |       |       ||    17
       Flail             |       |    43 |   229 |   123 ||   395
       Punch             |       |     1 |     3 |       ||     4
Throw: Boomerang         |       |       |       |     3 ||     3
Invok: Berserk           |       |     6 |     5 |     4 ||    15
       Trog's Hand       |       |       |       |     1 ||     1
Evoke: Lightning rod     |       |       |       |     4 ||     4
  Use: Scroll            |       |       |     5 |     1 ||     6
 Stab: Sleeping          |     1 |       |       |       ||     1
Armor: Animal skin       |     8 |       |       |       ||     8
       Leather armour    |     3 |    16 |    12 |       ||    31
       Chain mail        |       |       |    20 |       ||    20
       Plate armour      |       |       |    88 |    82 ||   170
Dodge: Dodged            |    43 |    48 |    96 |    43 ||   230
Block: Other             |       |       |    47 |     7 ||    54
       Reflection        |       |       |     1 |     1 ||     2
       Buckler           |       |       |       |    44 ||    44
